[Event "Titled Tuesday Blitz July 25 Late 2023"]
[White "Cappelletto, Joshuaede"]
[Black "Donchenko, Alexander"]
[WhiteFideId "2824383"]
[BlackFideId "24603295"]
[WhiteElo "2593"]
[BlackElo "2824"]
[Result "1/2-1/2"]
[Round "8"]
[TimeControl "180+2"]
[Date "2023.07.25"]
[WhiteClock "0:00:13"]
[BlackClock "0:00:24"]
[Board "27"]

1. e4 c6 2. d4 d5 3. e5 Bf5 4. h4 h5 5. c4 e6 6. Nc3 Ne7 7. Nge2 Nd7 8. Ng3 Bg6 9. cxd5 Nxd5 10. Be2 Bb4 11. Bd2 Qa5 12. Nxd5 cxd5 13. Bxb4 Qxb4+ 14. Qd2 Qb6 15. Rc1 a6 16. O-O Qd8 17. Qf4 Nb8 18. Rc3 Nc6 19. Rfc1 Qb6 20. Rd1 Rc8 21. Qg5 Qd8 22. Qf4 Ne7 23. Rxc8 Qxc8 24. Qg5 Nf5 25. Nxf5 exf5 26. Rc1 Qd8 27. Qf4 O-O 28. Bf3 Qa5 29. Qg5 Re8 30. Kh2 Qxa2 31. Rc5 Qxb2 32. Rxd5 Qxf2 33. Rd7 b5 34. Bd5 b4 35. e6 fxe6 36. Qxg6 Qxh4+ 37. Kg1 Qe1+ 38. Kh2 Qh4+ 39. Kg1 Qxd4+ 40. Kh1 Qh4+ 41. Kg1 Qd4+ 42. Kh1 Qh4+ 43. Kg1 Qe1+ 44. Kh2 Qe5+ 45. Kh1 exd5 46. Qf7+ Kh7 47. Qxh5+ Kg8 48. Qf7+ Kh7 49. Qh5+ Kg8 50. Qf7+ Kh7 51. Qh5+ 1/2-1/2


[Site "https://www.chess.com"]

[Event "Titled Tuesday Blitz July 25 Late 2023"]
[White "Ozates, Tuna"]
[Black "Pulpan, Jakub"]
[WhiteFideId "6354521"]
[BlackFideId "302759"]
[WhiteElo "2590"]
[BlackElo "2795"]
[Result "1-0"]
[Round "8"]
[TimeControl "180+2"]
[Date "2023.07.25"]
[WhiteClock "0:00:54"]
[BlackClock "0:00:00"]
[Board "28"]

1. e4 e5 2. Nf3 Nc6 3. Bb5 Nf6 4. d3 Bc5 5. O-O Nd4 6. Nxd4 Bxd4 7. c3 Bb6 8. Bg5 c6 9. Ba4 h6 10. Bh4 g5 11. Bg3 d6 12. Nd2 h5 13. h3 h4 14. Bh2 g4 15. hxg4 Nxg4 16. Qf3 Qg5 17. Nc4 Bc7 18. Ne3 Nxh2 19. Kxh2 Bd7 20. b4 O-O-O 21. Bb3 Rdg8 22. a4 Rg6 23. b5 Rf6 24. Qe2 Bb6 25. bxc6 bxc6 26. a5 Bc5 27. Bc4 Rg6 28. Rab1 Qf4+ 29. Kh1 Rhg8 30. Bxf7 1-0


[Site "https://www.chess.com"]

[Event "Titled Tuesday Blitz July 25 Late 2023"]
[White "Principe, Alexander"]
[Black "Mahdavi, Reza"]
[WhiteFideId "3804542"]
[BlackFideId "12595926"]
[WhiteElo "2565"]
[BlackElo "2787"]
[Result "0-1"]
[Round "8"]
[TimeControl "180+2"]
[Date "2023.07.25"]
[WhiteClock "0:00:03"]
[BlackClock "0:00:23"]
[Board "29"]

1. e4 c5 2. Nf3 d6 3. d4 cxd4 4. Nxd4 Nf6 5. Nc3 a6 6. Bg5 e6 7. f4 Be7 8. Qf3 Qc7 9. O-O-O Nbd7 10. Bd3 b5 11. Rhe1 Bb7 12. Nd5 exd5 13. Nf5 dxe4 14. Bxe4 Nxe4 15. Rxe4 Ne5 16. Nxe7 Nxf3 17. Nd5+ Kf8 18. Nxc7 Nxg5 19. Re2 Rc8 20. Rde1 g6 21. Ne8 Ne4 0-1


[Site "https://www.chess.com"]

[Event "Titled Tuesday Blitz July 25 Late 2023"]
[White "Nenezic, Marko"]
[Black "Gulamali, Kazim"]
[WhiteFideId "912123"]
[BlackFideId "2024764"]
[WhiteElo "2777"]
[BlackElo "2536"]
[Result "1-0"]
[Round "8"]
[TimeControl "180+2"]
[Date "2023.07.25"]
[WhiteClock "0:00:28"]
[BlackClock "0:00:00"]
[Board "30"]

1. d4 Nf6 2. c4 e6 3. Nc3 d5 4. Nf3 a6 5. b3 Bb4 6. Bd2 c5 7. e3 Nc6 8. a3 Bxc3 9. Bxc3 Ne4 10. Bb2 Qa5+ 11. Nd2 O-O 12. Bd3 f5 13. cxd5 exd5 14. b4 cxb4 15. axb4 Qb6 16. b5 Nb4 17. Be2 Bd7 18. Qb3 a5 19. Ba3 Nxd2 20. Kxd2 Bxb5 21. Bxb4 Bxe2 22. Qxd5+ Kh8 23. Ba3 Qa6 24. Bxf8 Qd3+ 25. Ke1 Bg4 26. Qa2 Qc3+ 27. Kf1 Rxf8 28. h3 f4 29. Qa3 Qc4+ 30. Kg1 1-0


[Site "https://www.chess.com"]

[Event "Titled Tuesday Blitz July 25 Late 2023"]
[White "Slovineanu, Viacheslav"]
[Black "Elsa167"]
[WhiteFideId "13900510"]
[WhiteElo "2419"]
[BlackElo "2772"]
[Result "0-1"]
[Round "8"]
[TimeControl "180+2"]
[Date "2023.07.25"]
[WhiteClock "0:00:01"]
[BlackClock "0:00:45"]
[Board "31"]

1. d4 e6 2. c4 d5 3. Nf3 Nf6 4. e3 Bd6 5. Nc3 b6 6. b3 Bb7 7. Bd3 Nbd7 8. O-O O-O 9. Bb2 Re8 10. Rc1 dxc4 11. bxc4 e5 12. Nd2 exd4 13. exd4 Nf8 14. Re1 Ne6 15. Nce4 Nf4 16. Nxf6+ Qxf6 17. Be4 Bxe4 18. Nxe4 Qg6 19. Qf3 Bb4 20. Bc3 Bxc3 21. Rxc3 Ne6 22. Rd1 Rad8 23. Rcd3 h6 24. d5 Ng5 25. Nxg5 hxg5 26. h3 Re4 27. Rd4 Rde8 28. g3 Rxd4 29. Rxd4 Qb1+ 30. Kg2 Qxa2 31. Re4 Qa4 32. Qf5 Rxe4 33. Qxe4 Qd7 34. h4 gxh4 35. gxh4 a5 36. h5 a4 37. f4 a3 38. Qc2 Qg4+ 39. Kh1 Qxh5+ 40. Kg1 Qg6+ 0-1


[Site "https://www.chess.com"]

[Event "Titled Tuesday Blitz July 25 Late 2023"]
[White "Grigoriants, Sergey"]
[Black "Pinero Rodriguez, Carlos Jose"]
[WhiteFideId "4130804"]
[BlackFideId "3901726"]
[WhiteElo "2865"]
[BlackElo "2639"]
[Result "1/2-1/2"]
[Round "8"]
[TimeControl "180+2"]
[Date "2023.07.25"]
[WhiteClock "0:00:21"]
[BlackClock "0:00:17"]
[Board "33"]

1. d4 Nf6 2. c4 e6 3. Nc3 Bb4 4. f3 d5 5. a3 Bxc3+ 6. bxc3 O-O 7. cxd5 Nxd5 8. c4 Nb6 9. e4 c5 10. d5 exd5 11. cxd5 f5 12. Bd3 fxe4 13. fxe4 Qf6 14. Ra2 c4 15. Be2 Qf2+ 16. Kd2 Qxg2 17. Nf3 Rxf3 18. Rg1 Qf2 19. Kc2 Bd7 20. Kb1 Ba4 21. Bxf3 Qxa2+ 22. Kxa2 Bxd1 23. Bxd1 N8d7 24. Bh6 g6 25. Bg4 Nc5 26. Be3 Nxe4 27. Be6+ Kf8 28. Rf1+ Ke7 29. Rf7+ Kd6 30. Bf4+ Kc5 31. Be3+ Kd6 32. Bf4+ Kc5 33. Be3+ Kd6 1/2-1/2


[Site "https://www.chess.com"]

[Event "Titled Tuesday Blitz July 25 Late 2023"]
[White "Haydon, David L"]
[Black "Miladinovic, Igor"]
[WhiteFideId "415405"]
[BlackFideId "4203380"]
[WhiteElo "2636"]
[BlackElo "2814"]
[Result "0-1"]
[Round "8"]
[TimeControl "180+2"]
[Date "2023.07.25"]
[WhiteClock "0:00:04"]
[BlackClock "0:00:10"]
[Board "34"]

1. d4 d5 2. Nc3 Bf5 3. Bf4 e6 4. e3 Bd6 5. Bd3 Bg6 6. Nf3 Nc6 7. Ne2 Nf6 8. c3 Ne4 9. Qc2 a6 10. Ng3 f5 11. Ne2 Bh5 12. Nd2 O-O 13. f3 Nxd2 14. Qxd2 e5 15. dxe5 Nxe5 16. Nd4 Qd7 17. Be2 c5 18. Nb3 Bf7 19. Nxc5 Nxf3+ 20. Bxf3 Bxc5 21. O-O-O Rad8 22. Kb1 h6 23. h4 Rfe8 24. Rhe1 Qe6 25. b3 a5 26. Ka1 a4 27. bxa4 Be7 28. Bc7 Rd7 29. Ba5 Ra8 30. c4 Qa6 31. Bc3 Qxa4 32. Bxd5 Bxd5 33. cxd5 Kh7 34. Rb1 Qc4 35. Red1 Ra3 36. Bd4 Rxd5 37. Rdc1 Qa4 38. Rb2 b5 39. Rcb1 Bf6 40. Qc2 Bxd4 41. exd4 Qxd4 42. g4 Qe4 43. gxf5 Qxc2 44. Rxc2 Rxf5 45. Rb4 Rh3 46. Rcb2 Rf1+ 47. Rb1 Rfh1 48. Rxh1 Rxh1+ 49. Kb2 Rh3 50. Rxb5 Rxh4 51. Rb3 g5 52. a3 Kg6 53. Rb6+ Kh5 54. Rb4 g4 55. a4 g3 56. Rb5+ Kg6 57. Rb8 Kg7 58. Rb7+ Kf6 59. Rb3 Rg4 60. Rf3+ Kg5 61. Rf1 Rxa4 62. Rg1 Kg4 63. Kc3 h5 64. Ra1 Rxa1 0-1


[Site "https://www.chess.com"]

[Event "Titled Tuesday Blitz July 25 Late 2023"]
[White "Voege, Tobias"]
[Black "Troff, Kayden"]
[WhiteFideId "1270513"]
[BlackFideId "2047896"]
[WhiteElo "2635"]
[BlackElo "2808"]
[Result "1-0"]
[Round "8"]
[TimeControl "180+2"]
[Date "2023.07.25"]
[WhiteClock "0:00:20"]
[BlackClock "0:00:06"]
[Board "35"]

1. d4 Nf6 2. c4 g6 3. Nc3 d5 4. cxd5 Nxd5 5. e4 Nxc3 6. bxc3 Bg7 7. Bc4 c5 8. Ne2 O-O 9. O-O Nc6 10. Be3 Bd7 11. Rb1 Qc7 12. Bd3 Rfd8 13. Qd2 Rac8 14. h4 Be8 15. h5 Qa5 16. Rb5 Qa3 17. Rxc5 b6 18. Rd5 Rxd5 19. exd5 Na5 20. hxg6 hxg6 21. Bg5 Bf6 22. Bxf6 exf6 23. Qf4 Kg7 24. g4 Nb7 25. g5 Qd6 26. gxf6+ Qxf6 27. Ba6 Qxf4 28. Nxf4 Rc7 29. Re1 Nd6 30. c4 Bd7 31. Rc1 Nf5 32. Ne2 Nh4 33. c5 Nf3+ 34. Kg2 Nh4+ 35. Kg3 Nf5+ 36. Kf4 f6 37. d6 Nxd6 38. cxd6 g5+ 39. Ke3 Rxc1 40. Nxc1 f5 41. d5 Kf6 42. Kd4 f4 43. f3 g4 44. fxg4 Bxg4 45. Nd3 f3 46. Ne5 Bh5 47. d7 Ke7 48. d6+ Kd8 49. Bc8 f2 50. Nc6# 1-0


[Site "https://www.chess.com"]

[Event "Titled Tuesday Blitz July 25 Late 2023"]
[White "Leitao, Rafael"]
[Black "Zavgorodniy, Sergiy"]
[WhiteFideId "2101246"]
[BlackFideId "14110148"]
[WhiteElo "2796"]
[BlackElo "2605"]
[Result "1-0"]
[Round "8"]
[TimeControl "180+2"]
[Date "2023.07.25"]
[WhiteClock "0:00:11"]
[BlackClock "0:00:30"]
[Board "36"]

1. c4 c5 2. g3 Nc6 3. Nc3 g6 4. Bg2 Bg7 5. Nf3 e6 6. d4 cxd4 7. Nb5 d5 8. cxd5 exd5 9. Nbxd4 Nge7 10. O-O O-O 11. Be3 Nf5 12. Nxf5 Bxf5 13. Nd4 Be4 14. Nxc6 bxc6 15. Bxe4 dxe4 16. Qc2 Qf6 17. Rab1 Rfd8 18. Qxe4 Rd5 19. b3 a5 20. Rbc1 Rad8 21. Rc2 h5 22. h4 Kh7 23. Kg2 R8d6 24. Rfc1 Re6 25. Qf3 Rf5 26. Bf4 Bh6 27. e3 Bxf4 28. exf4 Rd5 29. Rc5 Red6 30. Rxd5 Rxd5 31. Rd1 Rxd1 32. Qxd1 Qb2 33. a4 Qc3 34. Qf3 Qc2 35. f5 c5 36. fxg6+ fxg6 37. Qf7+ Kh6 38. Qc4 Qf5 39. Qc3 Kh7 40. Qxa5 Qd5+ 41. Kh2 Qxb3 42. Qc7+ Kh6 43. a5 c4 44. a6 c3 45. a7 Qa2 46. Qf4+ Kh7 47. Qc7+ Kh6 48. Kg2 c2 49. Qf4+ Kh7 50. Qc7+ Kh6 51. Qxc2 Qxc2 52. a8=Q Kh7 53. Qb7+ Kh6 54. Qf3 Kg7 55. Qe3 Qc6+ 56. Qf3 Qc2 57. Kh2 Qd2 58. Qe3 Qc2 59. Qd4+ Kf7 60. Kg2 Qc6+ 61. Kf1 Qc1+ 62. Ke2 Qc2+ 63. Ke3 Qc1+ 64. Ke4 Qc2+ 65. Kd5 Qf5+ 66. Kc6 Qc8+ 67. Kb5 Qb7+ 68. Kc4 Qc6+ 69. Kd3 Qf3+ 70. Qe3 Qd1+ 71. Qd2 Qb1+ 72. Ke3 Qb6+ 73. Qd4 Qb3+ 74. Kf4 Qc2 75. Qd5+ Kf6 76. Qd6+ Kf7 77. Kg5 Qc1+ 78. Qf4+ Qxf4+ 79. gxf4 Kg7 80. f5 gxf5 81. Kxf5 Kh6 82. Kf6 Kh7 83. Kg5 Kg7 84. Kxh5 Kf6 85. Kh6 Kf5 86. h5 Kf6 87. f4 Kf5 88. Kg7 Kxf4 89. h6 Kg5 90. h7 Kf4 91. h8=Q Ke4 92. Qh6 Kd5 93. Qf6 Ke4 94. Kg6 Kd5 95. Qf4 Ke6 96. Qe4+ Kd6 97. Kf6 Kc5 98. Ke5 Kb6 99. Qc4 Ka5 100. Qb3 Ka6 101. Kd5 Ka7 102. Kc6 Ka8 103. Qb7# 1-0


[Site "https://www.chess.com"]

[Event "Titled Tuesday Blitz July 25 Late 2023"]
[White "Stoyanov, Tsvetan"]
[Black "Tarhan, Adar"]
[WhiteFideId "2917173"]
[BlackFideId "34544712"]
[WhiteElo "2770"]
[BlackElo "2586"]
[Result "0-1"]
[Round "8"]
[TimeControl "180+2"]
[Date "2023.07.25"]
[WhiteClock "0:00:02"]
[BlackClock "0:00:55"]
[Board "37"]

1. c4 e5 2. Nc3 Nf6 3. Nf3 Nc6 4. g3 Bb4 5. Nd5 Bc5 6. Bg2 d6 7. O-O Nxd5 8. cxd5 Ne7 9. d4 exd4 10. Nxd4 O-O 11. Bg5 h6 12. Be3 Re8 13. Rc1 Bb6 14. h3 Ng6 15. a4 Bd7 16. Rc3 Qf6 17. b4 a5 18. b5 Bc5 19. Qd3 Ne5 20. Qc2 b6 21. Nb3 Bf5 22. Qc1 Nd7 23. Nxc5 Nxc5 24. Rc4 Qg6 25. Bxc5 dxc5 26. d6 cxd6 27. Bxa8 Rxa8 28. g4 Be6 29. Rf4 d5 30. Rd1 Re8 31. Rd3 d4 32. Rg3 Bd5 33. e3 d3 34. f3 c4 35. e4 Be6 36. Rg2 Qg5 37. Qe3 c3 38. h4 Qc5 39. Qxc5 bxc5 0-1


[Site "https://www.chess.com"]

[Event "Titled Tuesday Blitz July 25 Late 2023"]
[White "Wu, Derek"]
[Black "Sargsyan, Anna M."]
[WhiteFideId "30914558"]
[BlackFideId "13308130"]
[WhiteElo "2758"]
[BlackElo "2580"]
[Result "1-0"]
[Round "8"]
[TimeControl "180+2"]
[Date "2023.07.25"]
[WhiteClock "0:02:07"]
[BlackClock "0:00:54"]
[Board "38"]

1. e4 e5 2. Nf3 Nc6 3. Bb5 a6 4. Ba4 Nf6 5. d4 exd4 6. O-O Be7 7. Re1 O-O 8. e5 Nd5 9. Nxd4 Nb6 10. Bb3 Nxd4 11. Qxd4 d6 12. exd6 Bxd6 13. Bf4 Bxf4 14. Qxf4 a5 15. a4 h6 16. Nc3 c6 17. Rad1 Qg5 18. Qc7 Ra6 19. Re8 Bd7 20. Rxf8+ Kxf8 21. Qxb7 1-0


[Site "https://www.chess.com"]

[Event "Titled Tuesday Blitz July 25 Late 2023"]
[White "Musovic, Armin"]
[Black "Panesar Vedant"]
[WhiteFideId "939935"]
[BlackFideId "35033018"]
[WhiteElo "2551"]
[BlackElo "2707"]
[Result "0-1"]
[Round "8"]
[TimeControl "180+2"]
[Date "2023.07.25"]
[WhiteClock "0:01:02"]
[BlackClock "0:01:55"]
[Board "39"]

1. a3 e5 2. d4 exd4 3. Qxd4 Nc6 4. Qa4 d5 5. Nf3 Nf6 6. Bg5 h6 7. Bh4 g5 8. Bg3 Ne4 9. Nbd2 Nc5 10. Qb5 a6 11. Qxc6+ bxc6 12. O-O-O Bg7 13. e4 Rb8 14. Nc4 Nxe4 15. c3 O-O 16. Nce5 Bb7 17. Bd3 Nxg3 18. hxg3 Re8 19. Ng4 Qd6 20. Rh5 Bc8 21. Nxh6+ Bxh6 22. Rdh1 Kg7 23. Nxg5 Bg4 0-1


[Site "https://www.chess.com"]

[Event "Titled Tuesday Blitz July 25 Late 2023"]
[White "Dimitrov, Atanas"]
[Black "Ordekalog"]
[WhiteFideId "2901315"]
[WhiteElo "2692"]
[BlackElo "2525"]
[Result "0-1"]
[Round "8"]
[TimeControl "180+2"]
[Date "2023.07.25"]
[WhiteClock "0:00:00"]
[BlackClock "0:00:54"]
[Board "40"]

1. Nf3 d5 2. b3 c5 3. e3 Nf6 4. Bb2 Nc6 5. d4 e6 6. Nbd2 a6 7. Be2 b5 8. c4 bxc4 9. bxc4 cxd4 10. Nxd4 Nxd4 11. Bxd4 Be7 12. cxd5 Nxd5 13. Bf3 O-O 14. O-O Rb8 15. Nc4 Bb7 16. Rb1 Bf6 17. Rb3 Ba8 18. Rxb8 Qxb8 19. Bxf6 Nxf6 20. Bxa8 Qxa8 21. Qa4 Rb8 22. h3 h6 23. Rd1 Nd5 24. Qa3 Nb4 25. Qa4 Qe4 26. Nd6 Qg6 27. a3 Nd3 28. Qxa6 Nxf2 29. Rd2 Nxh3+ 30. Kh2 Ng5 31. Qd3 Qh5+ 32. Kg1 Qg4 33. Kh2 Qh4+ 34. Kg1 Qg3 35. Kf1 Rd8 36. a4 Qe5 37. Qd4 Qa5 38. Rd1 e5 39. Qd5 Qxa4 40. Qxe5 Qxd1+ 41. Kf2 Qxd6 42. Qxd6 Rxd6 43. e4 Nxe4+ 44. Ke3 Ng5 45. g4 Ra6 46. Kf4 Ra4+ 47. Kg3 g6 48. Kf2 Rxg4 49. Ke3 Re4+ 50. Kd3 h5 51. Kd2 h4 52. Kd3 h3 53. Kd2 h2 54. Kd3 h1=Q 55. Kd2 Qf3 56. Kc1 Re2 0-1


[Site "https://www.chess.com"]

[Event "Titled Tuesday Blitz July 25 Late 2023"]
[White "Deng, Henry"]
[Black "Sabuk, Piotr"]
[WhiteFideId "30965454"]
[BlackFideId "1137565"]
[WhiteElo "2544"]
[BlackElo "2677"]
[Result "0-1"]
[Round "8"]
[TimeControl "180+2"]
[Date "2023.07.25"]
[WhiteClock "0:00:34"]
[BlackClock "0:00:07"]
[Board "41"]

1. e4 e5 2. Nf3 Nc6 3. Bc4 Nf6 4. d4 exd4 5. e5 Ne4 6. Qe2 Nc5 7. c3 Ne6 8. O-O d5 9. exd6 Qxd6 10. Rd1 Be7 11. cxd4 Nexd4 12. Nxd4 Nxd4 13. Qe4 c5 14. Bf4 Qg6 15. Qe3 Be6 16. Bd3 Qh5 17. Nc3 O-O 18. Be4 Rad8 19. h3 b5 20. g4 Qh4 21. Bg3 Qxh3 22. Bc7 Qxg4+ 23. Kh2 Bd6+ 24. Bxd6 Rxd6 25. Rg1 Qh4+ 26. Kg2 b4 27. Kf1 Bc4+ 28. Ke1 bxc3 29. bxc3 Re6 30. Rh1 Nc2+ 31. Kd2 Qxe4 32. Qxe4 Rxe4 33. Kxc2 Rd8 34. Rh5 Re2+ 35. Kc1 g6 36. Rxc5 Bd3 37. a4 Rxf2 38. Ra3 Re8 39. Kd1 Bc2+ 40. Kc1 Bf5 41. Rd5 Bg4 42. Rd2 Re1+ 43. Kc2 Bf5+ 0-1


[Site "https://www.chess.com"]

[Event "Titled Tuesday Blitz July 25 Late 2023"]
[White "Serban, Cristian-Stefan"]
[Black "Manukyan, Sargis A."]
[WhiteFideId "1241443"]
[BlackFideId "13303970"]
[WhiteElo "2463"]
[BlackElo "2658"]
[Result "0-1"]
[Round "8"]
[TimeControl "180+2"]
[Date "2023.07.25"]
[WhiteClock "0:00:53"]
[BlackClock "0:01:52"]
[Board "42"]

1. d4 d5 2. Bf4 c5 3. e3 Nc6 4. Nf3 Bg4 5. c3 e6 6. Nbd2 Bd6 7. Qb3 Bxf4 8. Qxb7 Nge7 9. exf4 Rb8 10. Qa6 Rxb2 11. Bb5 Qb6 12. Bxc6+ Nxc6 13. Qc8+ Nd8 14. dxc5 Qb5 15. a4 Qd3 16. c6 O-O 17. c7 Rxd2 0-1


[Site "https://www.chess.com"]

[Event "Titled Tuesday Blitz July 25 Late 2023"]
[White "ChessSG1"]
[Black "Bernabeu Lopez, Carlos Javier"]
[BlackFideId "2235366"]
[WhiteElo "2434"]
[BlackElo "2657"]
[Result "0-1"]
[Round "8"]
[TimeControl "180+2"]
[Date "2023.07.25"]
[WhiteClock "0:00:00"]
[BlackClock "0:00:15"]
[Board "43"]

1. c4 Nf6 2. g3 g6 3. Bg2 Bg7 4. Nc3 O-O 5. e4 c5 6. Nge2 Nc6 7. d3 d6 8. O-O Ne8 9. Be3 Nc7 10. d4 cxd4 11. Nxd4 Bd7 12. h3 Rb8 13. Rc1 a6 14. Qd2 Ne6 15. Nde2 b5 16. cxb5 axb5 17. Nd5 Ne5 18. b3 Bc8 19. f4 Nd7 20. Rfd1 Bb7 21. Nec3 Bc6 22. Nb4 Ba8 23. Ncd5 Nec5 24. e5 Qa5 25. Nxe7+ Kh8 26. Nbc6 Qxd2 27. Rxd2 Bxc6 28. Nxc6 Ra8 29. e6 Nxe6 30. Rcc2 Rac8 31. Rxd6 Nb8 32. Rcd2 Nxc6 33. Bxc6 Bc3 34. R2d3 Bb4 35. Bd7 Bxd6 36. Bxc8 Bxf4 37. Bxe6 Bxe3+ 38. Rxe3 fxe6 39. Rxe6 Ra8 40. Re2 Kg7 41. Kf2 b4 42. Ke3 Kf6 43. Kd3 Rc8 44. Rc2 Rd8+ 45. Ke3 Re8+ 46. Kf3 Ra8 47. Ke4 g5 48. Rc6+ Kg7 49. Rc2 Kf6 50. Rf2+ Kg6 51. Kd4 Rc8 52. h4 h6 53. hxg5 hxg5 54. Re2 Kh5 55. Re4 Rc2 56. Ke5 Rxa2 57. g4+ Kh4 58. Rxb4 Ra5+ 0-1


[Site "https://www.chess.com"]

[Event "Titled Tuesday Blitz July 25 Late 2023"]
[White "Ibarra Jerez, Jose Carlos"]
[Black "SergioMoralesG"]
[WhiteFideId "2226332"]
[WhiteElo "2882"]
[BlackElo "2458"]
[Result "1-0"]
[Round "8"]
[TimeControl "180+2"]
[Date "2023.07.25"]
[WhiteClock "0:00:32"]
[BlackClock "0:00:00"]
[Board "44"]

1. e4 c5 2. Nf3 e6 3. d4 cxd4 4. Nxd4 Nc6 5. Nc3 Qc7 6. g4 a6 7. Be3 b5 8. Nxc6 Qxc6 9. Qd2 h6 10. O-O-O Nf6 11. f3 b4 12. Ne2 d5 13. e5 Nd7 14. Nd4 Qa4 15. Kb1 Nxe5 16. f4 Nxg4 17. Rg1 Nf6 18. Nf3 Bb7 19. Ne5 Rc8 20. Bd3 Qa5 21. f5 Qc7 22. Bd4 Bd6 23. Qf4 Ne4 24. Rxg7 Rf8 25. fxe6 fxe6 26. Qg4 1-0


[Site "https://www.chess.com"]

[Event "Titled Tuesday Blitz July 25 Late 2023"]
[White "Rottenwohrer Suarez, Juan"]
[Black "Oro, Faustino"]
[WhiteFideId "32068182"]
[BlackFideId "20000197"]
[WhiteElo "2528"]
[BlackElo "2778"]
[Result "0-1"]
[Round "8"]
[TimeControl "180+2"]
[Date "2023.07.25"]
[WhiteClock "0:00:00"]
[BlackClock "0:00:10"]
[Board "45"]

1. e4 e5 2. Nf3 Nc6 3. Bc4 Bc5 4. d3 Nf6 5. Be3 Bb6 6. O-O h6 7. c3 d6 8. a4 O-O 9. Nbd2 d5 10. exd5 Nxd5 11. Bxb6 axb6 12. Re1 Bg4 13. h3 Bh5 14. Ne4 Re8 15. Ng3 Bg6 16. Bb5 Qd6 17. Ne4 Qe6 18. d4 f5 19. Ng3 e4 20. Ne5 Rad8 21. Nxg6 Qxg6 22. Qh5 Qxh5 23. Nxh5 Rf8 24. Bc4 Ne7 25. Nf4 Kf7 26. Nxd5 Nxd5 27. a5 Kg6 28. Bxd5 Rxd5 29. axb6 cxb6 30. Ra7 Rf7 31. Rea1 Rb5 32. R1a2 f4 33. Kf1 Kf5 34. Ke2 g5 35. R7a3 Rc7 36. Ra4 Rb3 37. Ra8 Kg6 38. Rg8+ Kf5 39. Rd8 Kg6 40. Rg8+ Kf7 41. Rd8 Re7 42. Rh8 e3 43. Rxh6 exf2+ 44. Kxf2 Re3 45. Rh7+ Kf6 46. Rxb7 Rd3 47. Ke2 Rg3 48. Kf2 Rd3 49. Ke2 Re3+ 50. Kf2 Kf5 51. Rb8 Rd3 52. Rf8+ Ke4 53. Re8+ Kd5 54. Rd8+ Kc6 55. Rf8 Rd2+ 56. Kf3 Rdxb2 57. Rxb2 Rxb2 58. Rf6+ Kd5 59. Rf5+ Kc4 60. Rxg5 Kxc3 61. Kxf4 Kxd4 62. h4 b5 63. g4 b4 64. Rg8 b3 65. Rd8+ Kc5 66. Rc8+ Kb6 67. Rb8+ Kc7 68. Rb4 Rb1 69. g5 b2 70. Kf5 Rf1+ 71. Kg6 b1=Q+ 72. Rxb1 Rxb1 73. h5 Kd7 74. Kg7 Rb5 75. Kg6 Ke7 0-1


[Site "https://www.chess.com"]

[Event "Titled Tuesday Blitz July 25 Late 2023"]
[White "Hambleton, Aman"]
[Black "Bilan, Danila"]
[WhiteFideId "2606577"]
[BlackFideId "24161918"]
[WhiteElo "2757"]
[BlackElo "2525"]
[Result "1-0"]
[Round "8"]
[TimeControl "180+2"]
[Date "2023.07.25"]
[WhiteClock "0:00:04"]
[BlackClock "0:00:00"]
[Board "46"]

1. d4 d5 2. Bf4 Nf6 3. e3 c5 4. c3 Nc6 5. Nd2 Qb6 6. Qb3 c4 7. Qc2 Nh5 8. Bg3 Nxg3 9. hxg3 g6 10. e4 e6 11. Ngf3 Bg7 12. Be2 Bd7 13. Rb1 Qc7 14. Nf1 b5 15. Ne3 Ne7 16. O-O O-O 17. e5 a5 18. Ng4 Kh8 19. Qd2 Ng8 20. Bd1 Qd8 21. Bc2 h5 22. Ngh2 Bh6 23. Qe2 b4 24. g4 hxg4 25. Nxg4 Kg7 26. g3 Rb8 27. Kg2 bxc3 28. bxc3 Rxb1 29. Rxb1 Ne7 30. Rh1 Rh8 31. Nxh6 Rxh6 32. Rxh6 Kxh6 33. Qd2+ Kg7 34. Qf4 Ng8 35. Ng5 Qe7 36. g4 Nh6 37. f3 a4 38. Kg3 Be8 39. Qc1 a3 40. Nh3 f6 41. exf6+ Qxf6 42. g5 Nf5+ 43. Bxf5 Qxf5 44. Kf2 Ba4 45. Kg3 Qc2 46. Qxa3 Qd1 47. Qe7+ Kg8 48. Qxe6+ Kg7 49. Qe5+ Kh7 50. Qe7+ Kg8 51. Qe3 Kh7 52. Nf4 Bc2 53. Nxd5 Bf5 54. Qe7+ Kh8 55. Qf8+ 1-0


[Site "https://www.chess.com"]

[Event "Titled Tuesday Blitz July 25 Late 2023"]
[White "Pakleza, Zbigniew"]
[Black "Gasparyan, David"]
[WhiteFideId "1119290"]
[BlackFideId "13311980"]
[WhiteElo "2753"]
[BlackElo "2522"]
[Result "1-0"]
[Round "8"]
[TimeControl "180+2"]
[Date "2023.07.25"]
[WhiteClock "0:00:04"]
[BlackClock "0:00:27"]
[Board "47"]

1. d4 Nf6 2. Nf3 d6 3. Bf4 Nbd7 4. e3 c5 5. c3 g6 6. h3 Bg7 7. Nbd2 O-O 8. Be2 Rb8 9. a4 a6 10. a5 b5 11. axb6 Qxb6 12. Nc4 Qa7 13. O-O Rd8 14. Qc2 Bb7 15. Ra2 cxd4 16. exd4 Rdc8 17. Ne3 Qb6 18. Rfa1 Be4 19. Qd1 Qb7 20. Bxa6 Qc6 21. Bxc8 Rxc8 22. Nd2 Bd3 23. Qf3 d5 24. Ng4 Qb5 25. Ra8 Rxa8 26. Rxa8+ Nf8 27. Nh6+ Kh8 28. Nxf7+ Kg8 29. Nh6+ Kh8 30. Rb8 Qa6 31. Ng4 Be2 32. Qe3 Qa1+ 33. Kh2 Bxg4 34. Qxe7 Ng8 35. Qd6 Ne6 36. hxg4 Qe1 37. Nf3 h6 38. Nxe1 Kh7 39. Qxe6 g5 40. Qf5+ Kh8 41. Be5 h5 42. Qf7 Bxe5+ 43. dxe5 hxg4 44. Rxg8# 1-0


[Site "https://www.chess.com"]

[Event "Titled Tuesday Blitz July 25 Late 2023"]
[White "Womacka, Mathias"]
[Black "Bolourchifard, Farzad"]
[WhiteFideId "4611390"]
[BlackFideId "12510084"]
[WhiteElo "2519"]
[BlackElo "2743"]
[Result "0-1"]
[Round "8"]
[TimeControl "180+2"]
[Date "2023.07.25"]
[WhiteClock "0:00:25"]
[BlackClock "0:00:32"]
[Board "48"]

1. e4 e5 2. Nf3 Nc6 3. Bb5 a6 4. Bxc6 dxc6 5. O-O f6 6. d4 exd4 7. Nxd4 c5 8. Ne2 Qxd1 9. Rxd1 Bd7 10. Nbc3 O-O-O 11. Be3 b6 12. a4 a5 13. Nb5 Re8 14. Nec3 Bxb5 15. axb5 Bd6 16. f3 Ne7 17. Kf2 h5 18. h4 Be5 19. Rd3 f5 20. Rad1 Bxc3 21. Rxc3 fxe4 22. fxe4 Ng6 23. Bg5 Rhf8+ 24. Rf3 Ne5 25. Rxf8 Rxf8+ 26. Kg3 Nc4 27. b3 Nd6 28. Re1 Nxb5 29. e5 Nd4 30. e6 Nf5+ 31. Kh3 Re8 32. g4 hxg4+ 33. Kxg4 Nd4 34. e7 Nxc2 35. Re6 Nd4 36. Rg6 c4 37. bxc4 a4 38. Rxg7 a3 39. Bf6 c5 40. Bxd4 cxd4 41. Kf5 a2 42. Rg1 Rxe7 43. Ra1 Ra7 44. h5 d3 45. h6 d2 46. Kg6 d1=Q 47. Rxd1 a1=Q 48. Rxa1 Rxa1 49. h7 Rh1 50. Kg7 Kc7 51. h8=Q Rxh8 52. Kxh8 Kc6 53. Kg7 Kc5 54. Kf6 Kxc4 55. Ke5 b5 0-1


[Site "https://www.chess.com"]

[Event "Titled Tuesday Blitz July 25 Late 2023"]
[White "Shapiro, Viktor"]
[Black "Krishna C R G"]
[WhiteFideId "4175700"]
[BlackFideId "5018625"]
[WhiteElo "2518"]
[BlackElo "2738"]
[Result "1-0"]
[Round "8"]
[TimeControl "180+2"]
[Date "2023.07.25"]
[WhiteClock "0:00:14"]
[BlackClock "0:00:02"]
[Board "49"]

1. c4 f5 2. Nc3 Nf6 3. g3 g6 4. Bg2 Bg7 5. d3 O-O 6. Nf3 d6 7. Rb1 e5 8. O-O c5 9. a3 Nc6 10. b4 e4 11. dxe4 cxb4 12. axb4 fxe4 13. Ng5 Kh8 14. Ncxe4 Bf5 15. Nxd6 Bxb1 16. Ngf7+ Kg8 17. Nxd8 Raxd8 18. c5 Ba2 19. Bg5 Be6 20. Qa4 Nd4 21. e3 Ne2+ 22. Kh1 b6 23. Qxa7 bxc5 24. bxc5 Rd7 25. Qa6 Nc3 26. Rc1 Ng4 27. Ne4 Bf5 28. Nxc3 Nxf2+ 29. Kg1 Nd3 30. Bd5+ Kh8 31. c6 Rd6 32. e4 Bd4+ 33. Kg2 Bg4 34. Qxd3 Rf2+ 35. Kh1 Bf3+ 36. Qxf3 Rxf3 37. Nb5 Bb2 38. c7 Rf8 39. Nxd6 Bxc1 40. Bd8 1-0


[Site "https://www.chess.com"]